 Dungeon Crawl Stone Soup version 0.32-a0-913-g739538afd8 (webtiles) character file.

Game seed: 8866203891638692539

2399 spaghetti the Fighter (level 9, -3/102 (103) HPs)
             Began as a Naga Berserker on Apr 10, 2024.
             Was a Priest of Trog.
             Slain by a gnoll
             ... wielding a +0 halberd
             ... led by a gnoll sergeant
              (12 damage)
             ... on level 7 of the Dungeon.
             The game lasted 00:10:15 (7906 turns).

spaghetti the Fighter (Naga Berserker)              Turns: 7906, Time: 00:10:16

HP:   -3/102 (103)  AC:  5    Str: 17 (19) XL:     9   Next: 46%
MP:   9/9           EV:  9    Int:  7 (8)  God:    Trog [***...]
Gold: 182           SH:  0    Dex: 13 (15) Spells: 8/8 levels left

rFire   + .          .
                       - Unarmed
rCold   + . .        (no shield)
rNeg    . . .        x - +0 steam dragon scales
rPois   +            (no helmet)
rElec   .            (no cloak)
rCorr   .            (no gloves)
SInv    +            (no barding)
Will    +....        v - amulet of faith
Stlth   +            w - ring of protection from fire
HPRegen 0.37/turn    (no ring)
MPRegen 0.11/turn

%: faith
@: about to teleport, on berserk cooldown, slowed, studying Fighting, lightly
drained, very slow
A: AC +3, large, see invisible, deformed body, poison resistance, slowness 2,
spit poison 1, naga tail 1, cold resistance 1, deterioration 1
a: Spit Poison, Renounce Religion, Berserk, Trog's Hand


You were on level 7 of the Dungeon.
You worshipped Trog.
Trog was most pleased with you.
You visited 1 branch of the dungeon, and saw 8 of its levels.
You also visited: Ossuary.

You collected 657 gold pieces.
You spent 475 gold pieces at shops.

Inventory:

Missiles
 f - a throwing net
 k - 11 poisoned darts
Armour
 x - +0 steam dragon scales (worn)
Jewellery
 v - an amulet of faith (around neck)
 w - a ring of protection from fire (left hand)
Talismans
 g - a serpent talisman
Wands
 e - a wand of mindburst (10)
 y - a wand of charming (8)
Scrolls
 a - a scroll of enchant weapon
 b - a scroll of immolation
 j - a scroll of revelation
 m - a scroll of torment
 o - a scroll of silence
 q - a scroll of noise
Potions
 d - 7 potions of curing
 h - 5 potions of enlightenment
 i - 2 potions of attraction
 l - a potion of mutation
 p - 2 potions of invisibility
 s - 2 potions of lignification
 t - a potion of resistance


   Skills:
 + Level 13.8 Fighting
 - Level 1.5 Armour
 - Level 1.5 Dodging
 - Level 6.0 Unarmed Combat


You had 8 spell levels left.
You didn't know any spells.
Your spell library was empty.

Dungeon Overview and Level Annotations

Branches:
Dungeon (8/15)             Temple (0/1) D:4         Ossuary (visited)
   Lair: D:8-11

Altars:
Qazlal
Ru
Vehumet
Zin
The Shining One

Shops:
D:2 =   D:3 :(*[[

Annotations:
D:6 ytrimaz's ghost, novice DsSu
D:7 Menkaure


Innate Abilities, Weirdness & Mutations

Your serpentine skin is tough. (AC +3)
You have supernaturally acute eyesight. (SInv)
Armour fits poorly on your strangely shaped body.
Your system is resistant to poisons. (rPois)
You cover ground very slowly.
You can spit poison.
You have a snake-like lower body.
Your flesh is cold resistant. (rC+)
Your body sometimes deteriorates upon taking damage.


Message History

* * * LOW HITPOINT WARNING * * *
You hit the shadow imp.
The shadow imp is heavily wounded.
You hit the shadow imp.
The shadow imp is almost dead.
The shadow imp hits you but does no damage.
The gnoll barely misses you.
You closely miss the shadow imp.
The shadow imp is almost dead.
You hit the shadow imp.
You kill the shadow imp!
Trog accepts your kill. The gnoll closely misses you.
Found 2 scrolls of revelation.
You are no longer berserk.
You are exhausted.
You feel yourself slow down. The gnoll closely misses you.
You hit the gnoll but do no damage. The gnoll hits you with a +0 halberd!
* * * LOW HITPOINT WARNING * * *
Blink to where?
Press: ? - help, Dir - move target
As you read the scroll of blinking, it crumbles to dust.
You climb downwards.
The two-headed ogre shouts in stereo! x2
The white imp shouts, "Scamper away, thou pandering fool-headed slabber!"
Found a stone staircase leading up.
There is a stone staircase leading up here.
Okay, then.
The white imp gestures at you. The puff of frost misses you.
You climb upwards.
Level annotation: Menkaure The gnoll hits you from afar with a +0 halberd.
* * * LOW HITPOINT WARNING * * *
There is a stone staircase leading down here.
Unknown command.
As you read the scroll of teleportation, it crumbles to dust.
You feel strangely unstable.
The gnoll hits you from afar with a +0 halberd!
You die...

.... ##...#####.#.....## #
?.... #............#....###
..... ###.######...†...)...
...... #..# ##..........
......####)## ### #........##
.?......##[.##..###.>....#...
........#........##..........
.....#.[$.........#......###.
... #.)..g.@................
# #..#........##..........
#..#........#...........
#............#.#####....
#............#. ....
#..#........## ...
#####..##..## .. ### ... ##


You could see a gnoll.

Vanquished Creatures
  A steam dragon (D:6)
  A water moccasin (D:6)
  An orc warrior (D:5)
  An ice beast (D:7)
  3 black bears
  3 ogres
  A bullfrog (D:7)
  2 gnoll sergeants
  2 scorpions
  6 wights (D:7)
  A howler monkey (D:7)
  A crimson imp (D:3)
  A bombardier beetle (D:5)
  2 hounds
  A jelly (D:7)
  2 orc priests
  Jessica (D:2)
  3 iguanas
  A sleepcap (D:4)
  4 orc wizards
  8 mummies (Ossuary)
  9 gnolls
  7 adders
  A shadow imp (D:7)
  3 white imps
  2 ribbon worms
  4 dart slugs
  15 orcs
  5 endoplasms
  5 giant cockroaches
  2 gnoll zombies (Ossuary)
  6 goblins
  7 hobgoblins
  6 jackals (D:3)
  6 kobolds
  5 quokkas
  8 ball pythons
  7 bats
  A frilled lizard (D:1)
  4 hobgoblin zombies
  A kobold skeleton (D:3)
  3 kobold zombies (Ossuary)
  An orc skeleton (D:3)
  5 orc zombies
  6 rats
  A spectral hobgoblin (D:1)
166 creatures vanquished.

Notes
Turn   | Place    | Note
-------+----------+-------------------------------------------
     0 | D:1      | spaghetti the Naga Berserker began the quest for the Orb.
     0 | D:1      | Reached XP level 1. HP: 21/21 MP: 1/1
    31 | D:1      | Reached XP level 2. HP: 12/28 MP: 2/2
   232 | D:1      | Found a faded altar of an unknown god.
   345 | D:1      | Reached XP level 3. HP: 33/34 MP: 3/3
   545 | D:2      | Gained mutation: Your flesh is cold resistant. (rC+)
                  | [potion of mutation]
   545 | D:2      | Gained mutation: Your body sometimes deteriorates upon
                  | taking damage. [potion of mutation]
   585 | D:2      | Noticed Jessica
   593 | D:2      | Killed Jessica
   651 | D:2      | Reached XP level 4. HP: 42/42 MP: 4/4
  1322 | D:2      | Reached skill level 5 in Unarmed Combat
  1493 | D:2      | Found Irimm's Jewellery Emporium.
  1834 | D:3      | Found a glowing golden altar of the Shining One.
  1885 | D:3      | Reached XP level 5. HP: 20/49 MP: 5/5
  1992 | D:3      | Found Zusmad's Armour Boutique.
  2102 | D:3      | Reached ** piety under Trog
  2127 | D:3      | Found Totun's Assorted Antiques.
  2139 | D:3      | Bought a potion of attraction for 75 gold pieces
  2270 | D:3      | Found a stormy altar of Qazlal.
  2280 | D:3      | Found Zabbywap's Book Boutique.
  2413 | D:3      | Found Mirhiysh's Antique Weapon Boutique.
  2417 | D:3      | You fall into a shaft and drop 3 floors!
  2434 | D:6      | Noticed a black bear
  2444 | D:6      | Killed a black bear
  2445 | D:6      | Reached skill level 4 in Fighting
  2445 | D:6      | Reached XP level 6. HP: 44/57 MP: 6/6
  2501 | D:6      | Noticed a water moccasin
  2507 | D:6      | HP: 1/60 [gnoll/+0 spear[a gnoll sergeant] (8)]
  2717 | D:6      | Reached skill level 5 in Fighting
  2770 | D:5      | Entered Level 5 of the Dungeon
  2843 | D:5      | Reached XP level 7. HP: 43/68 MP: 7/7
  3008 | D:5      | Reached skill level 6 in Fighting
  3101 | D:5      | Reached skill level 7 in Fighting
  3843 | D:4      | Reached XP level 8. HP: 81/81 MP: 8/8
  4095 | D:4      | Found a staircase to the Ecumenical Temple.
  4105 | D:4      | Found a sand-covered staircase.
  4110 | Ossuary  | Entered an ossuary
  4137 | Ossuary  | Reached skill level 8 in Fighting
  4490 | D:4      | Found a radiant altar of Vehumet.
  4639 | D:4      | Identified a scroll of acquirement
  4639 | D:4      | Acquired a manual of Fighting
  4981 | D:3      | Found Athonoywk's Antique Armour Shop.
  5019 | D:2      | Bought an amulet of faith for 400 gold pieces
  5142 | D:3      | Reached skill level 9 in Fighting
  5240 | D:3      | Reached *** piety under Trog
  5903 | D:6      | Found a glowing silver altar of Zin.
  6175 | D:6      | Found a runed translucent gate.
  6175 | D:6      | Found a runed translucent gate.
  6175 | D:6      | Found a runed translucent gate.
  6176 | D:6      | Noticed ytrimaz's ghost (novice DsSu)
  6247 | D:6      | Reached skill level 10 in Fighting
  6453 | D:6      | Reached skill level 11 in Fighting
  6892 | D:6      | Noticed a lightning spire
  7036 | D:7      | Reached XP level 9. HP: 88/98 MP: 9/9
  7126 | D:7      | Reached skill level 12 in Fighting
  7407 | D:7      | Reached skill level 13 in Fighting
  7433 | D:7      | Noticed Menkaure
  7790 | D:7      | Found a sacrificial altar of Ru.
  7903 | D:8      | Noticed a two-headed ogre
  7903 | D:8      | Noticed a two-headed ogre
  7906 | D:7      | Slain by a gnoll

Illustrated notes

Levels and vault maps discovered:
D:1:      dpeg_arrival_connections, layout_basic,
          dreamdust_ecumenical_altar_drowned_temple, hex_large
D:2:      layout_basic, serial_shops, shop, uniq_jessica
D:3:      minmay_razor_zed, layout_basic, grunt_qazlal_clouds,
          nicolae_tso_besieged_by_evil, serial_shops, shop_fountains,
          nicolae_square_shop, shop, shop, nicolae_shop_rolling_square
D:4:      layout_cave_pools, mainiacjoe_overflow_surrounded_room,
          minmay_temple_entry_sparse_star, enter_ossuary_2,
          chequers_serial_rivers_micro_a
D:5:      layout_gridville
D:6:      layout_basic, zin_statuary, gammafunk_ghost_necromancy,
          dk_noncrumbling_3
D:7:      layout_rooms, nicolae_ru_awakened_eye, lemuel_coloured_pillars_altar,
          st_stairs_5, minmay_liquid_box, uniq_menkaure
D:8:      layout_loops_ring, kiku_gazebo_garden_becter, grunt_ministairs_10,
          uniq_joseph

Skill      XL: |  1  2  3  4  5  6  7  8  9 |
---------------+----------------------------+-----
Unarmed Combat | 4 5 6 |  6.0
Fighting       | 4 5 7 11 13 | 13.8
Armour         | |  1.5
Dodging        | |  1.5

Action                     |  1- 3 |  4- 6 |  7- 9 || total
---------------------------+-------+-------+-------++-------
  Melee: Unarmed           |    35 |   139 |   368 ||   542
         Punch             |       |     1 |    13 ||    14
 Invoke: Berserk           |     2 |     5 |    11 ||    18
         Trog's Hand       |       |       |     5 ||     5
Ability: Spit Poison       |    11 |    23 |    39 ||    73
  Evoke: Wand              |       |       |     4 ||     4
    Use: Potion            |     4 |     3 |     7 ||    14
         Scroll            |     4 |     1 |    13 ||    18
 Armour: Animal skin       |    30 |    95 |   171 ||   296
         Steam dragon scal |       |       |   124 ||   124
  Dodge: Dodged            |    17 |    62 |   189 ||   268

Table legend: (Time is in decaauts)
 A = Elapsed time spent in this place.
 B = Non-inter-level travel time spent in this place.
 C = Inter-level travel time spent in this place.
 D = Time resting spent in this place.
 E = Time spent auto-exploring this place.
 F = Levels seen in this place.
 G = Mean time per level.
                   A        B        C        D        E       F      G
               +--------+--------+--------+--------+--------+-----+--------+
         Total |   9592 |   9187 |    405 |   1628 |   6239 |   9 | 1065.8 |
       Dungeon |   9188 |   8783 |    405 |   1483 |   6111 |   8 | 1148.5 |
       Ossuary |    404 |    404 |      0 |    145 |    128 |   1 |  404.0 |
               +--------+--------+--------+--------+--------+-----+--------+

Top non-repeatable levels by time:
     D:6: 1820 daAuts
     D:3: 1600 daAuts
     D:5: 1339 daAuts
     D:1: 1274 daAuts
     D:2: 1153 daAuts
     D:7: 1089 daAuts
     D:4: 907 daAuts
 Ossuary: 404 daAuts
     D:8: 2 daAuts
